 Dungeon Crawl Stone Soup version 0.29-a0-1027-gcd8c55af63 (webtiles) character file.

Game seed: 4209806989860924790

1595 xian the Covert (level 8, -10/42 HPs)
             Began as a Spriggan Delver on Aug 13, 2022.
             Was a Priest of Okawaru.
             Mangled by a yak (16 damage)
             ... on level 6 of the Dungeon.
             The game lasted 00:31:27 (10242 turns).

xian the Covert (Spriggan Delver)                  Turns: 10242, Time: 00:31:27

Health: -10/42     AC:  3    Str: 10    XL:     8   Next: 62%
Magic:  0/9        EV: 21    Int: 14    God:    Okawaru [***...]
Gold:   281        SH:  0    Dex: 19    Spells: 7/7 levels left

rFire   x . .      SeeInvis +   w - +3 mace of Plunder {vorpal, Str+2 Int+3}
rCold   + . .      Faith    .   (no shield)
rNeg    . . .      Spirit   +   b - +0 robe
rPois   .          Reflect  .   (helmet restricted)
rElec   .          Harm     .   o - +0 cloak
rCorr   .          Rampage  .   (gloves unavailable)
Will    +....                   (boots unavailable)
Stlth   +++++.....              x - amulet of guardian spirit
HPRegen 0.14/turn               m - ring of ice
MPRegen 0.11/turn               (no ring)

@: very quick
A: very small, no large weapons, unfitting armour, see invisible, speed 3
a: Renounce Religion, Heroism


You were on level 6 of the Dungeon.
You worshipped Okawaru.
Okawaru was most pleased with you.
You visited 1 branch of the dungeon, and saw 6 of its levels.

You collected 355 gold pieces.
You spent 74 gold pieces at shops.

Inventory:

Hand Weapons
 t - a +4 dagger
 w - the +3 mace of Plunder (weapon) {vorpal, Str+2 Int+3}
   (You found it on level 3 of the Dungeon)

   It inflicts extra damage upon your enemies.
   Str:       It affects your strength (+2).
   Int:       It affects your intelligence (+3).
Missiles
 p - 2 atropa-tipped darts (quivered)
Armour
 b - a +0 robe (worn)
 o - a +0 cloak (worn)
Jewellery
 i - a +4 ring of protection
 m - a ring of ice (left hand)
 x - an amulet of guardian spirit (around neck)
Wands
 a - a wand of light (3)
 g - a wand of digging (7)
 D - a wand of roots (10)
Scrolls
 c - 2 scrolls of fog
 d - 4 scrolls of magic mapping
 e - a scroll of fear
 f - a scroll of identify
 k - 2 scrolls of teleportation
 l - 3 scrolls of amnesia
 n - 2 scrolls of torment
 A - a scroll of immolation
Potions
 h - 4 potions of curing
 j - 2 potions of brilliance
 q - 2 potions of ambrosia
 r - a potion of might {unknown}
 s - a potion of magic
 u - 2 potions of lignification
 v - a potion of mutation {unknown}
 z - a potion of berserk rage {unknown}
 B - a potion of resistance {unknown}
 C - a potion of haste


   Skills:
 + Level 3.9 Fighting
 + Level 6.8 Short Blades
 + Level 3.5 Throwing
 + Level 6.2 Dodging
 + Level 11.7 Stealth


You had 7 spell levels left.
You didn't know any spells.
Your spell library was empty.

Dungeon Overview and Level Annotations

Branches:
Dungeon (6/15)             Temple (0/1) D:5

Altars:
Ashenzari
Cheibriados
Elyvilon
Hepliaklqana
Kikubaaqudgha
Makhleb
Okawaru
Ru
Yredelemnul
The Shining One

Shops:
D:1 *   D:2 ?==   D:5 ?


Innate Abilities, Weirdness & Mutations

You are very small and have problems with some larger weapons.
You are too small for most types of armour.
You have supernaturally acute eyesight. (SInv)
You cover ground extremely quickly. (Speed+++)


Message History

You hit the yak.
The yak is moderately wounded.
The yak gores you. The yak completely misses you. The yak barely misses you.
The yak completely misses you.
You hit the yak.
The yak is moderately wounded.
The yak misses you. The yak closely misses you.
You hit the yak but do no damage.
The yak is moderately wounded.
The yak completely misses you. The yak gores you but does no damage.
The yak gores you. x2
You sock the yak!
The yak is heavily wounded.
The yak closely misses you. x2
You hit the yak but do no damage.
The yak is heavily wounded.
The yak closely misses you. The yak completely misses you.
You hit the yak but do no damage.
The yak is heavily wounded.
The yak barely misses you. The yak gores you. The yak gores you!
The yak barely misses you.
You barely miss the yak.
The yak is heavily wounded.
The yak misses you. The yak barely misses you.
You closely miss the yak.
The yak is heavily wounded.
The yak closely misses you. The yak misses you. The yak closely misses you.
The yak gores you!
You hit the yak.
The yak is severely wounded.
The yak completely misses you. The yak misses you.
You hit the yak.
The yak is almost dead.
The yak barely misses you. The yak closely misses you.
You hit the yak.
The yak is almost dead.
The yak closely misses you. The yak misses you. The yak gores you!
* * * LOW HITPOINT WARNING * * *
The yak gores you!
You die...

#<......#...........#.##.
######..#...#########.##.
######..#...#########.##.
#>....................###
#.###...#..(####......#3#
#..##...#...# #.########
#..........Y# #.# #2#_.
#..########.####.########
#.......@Y............#4#
##.#....Y#######.########
#.#####.# #.# #.
#.#####.## #.# #.
########'#......# #.# ##
#...............# #.# #
#........)......# #.# #
#...............# #.# #
#...............# #.# #


You could see 2 yaks.

Vanquished Creatures
  3 yaks (D:6)
  A water moccasin (D:5)
  Duvessa (D:5)
  2 ogres
  A phantom (D:4)
  A kobold brigand (D:6)
  Blork the orc (D:5)
  Dowan (D:5)
  A hound (D:6)
  2 gnoll boudas
  An orc priest (D:5)
  Crazy Yiuf (D:2)
  2 iguanas
  2 orc wizards
  13 gnolls
  4 adders
  A river rat (D:4)
  3 worms
  2 dart slugs
  14 orcs
  6 bats
  5 endoplasms
  3 giant cockroaches
  6 hobgoblins
  10 jackals
  11 kobolds
  4 quokkas
  7 ball pythons
  2 frilled lizards
  4 rats
115 creatures vanquished.

Notes
Turn   | Place    | Note
-------+----------+-------------------------------------------
     0 | D:5      | xian the Spriggan Delver began the quest for the Orb.
     0 | D:5      | Reached XP level 1. HP: 11/11 MP: 2/2
    27 | D:5      | Found Hecim's Magic Scroll Boutique.
    94 | D:5      | Noticed a gnoll bouda
   128 | D:4      | Found an iron altar of Okawaru.
   144 | D:4      | Became a worshipper of Warmaster Okawaru
   213 | D:4      | Noticed an orc wizard
   218 | D:4      | Killed an orc wizard
   219 | D:4      | Reached skill level 8 in Stealth
   219 | D:4      | Reached XP level 2. HP: 10/16 MP: 3/3
   224 | D:4      | Reached XP level 3. HP: 12/19 MP: 4/4
   515 | D:1      | Found a faded altar of an unknown god.
   860 | D:2      | Found Xeutiary's Jewellery Shoppe.
   870 | D:2      | Found Lajobe Ylana's Magic Scroll Boutique.
  1082 | D:1      | Found Meagregg's Assorted Antiques.
  1099 | D:1      | Bought a scroll labelled ODOPOCR FEYTZ for 23 gold pieces
  1099 | D:1      | Bought a scroll labelled FALUD KYTSEFFUS for 23 gold pieces
  1828 | D:2      | Reached XP level 4. HP: 23/23 MP: 5/5
  1966 | D:2      | Found a runed translucent door.
  1967 | D:2      | Noticed Crazy Yiuf
  1978 | D:2      | HP: 1/23 [Crazy Yiuf/+3 quarterstaff of chaos (2)]
  2040 | D:2      | Bought a scroll of identify for 28 gold pieces
  2416 | D:2      | Reached skill level 9 in Stealth
  2597 | D:2      | Found Kuazxile's Jewellery Emporium.
  2720 | D:3      | Noticed an ogre
  2734 | D:3      | HP: 1/23 [ogre/+0 giant club (22)]
  3693 | D:3      | Killed an ogre
  3693 | D:3      | Reached * piety under Okawaru
  3694 | D:3      | Reached XP level 5. HP: 28/28 MP: 6/6
  3846 | D:2      | Killed Crazy Yiuf
  4177 | D:3      | Identified the +3 mace of Plunder {vorpal, Str+2 Int+3}
  5170 | D:4      | Reached skill level 10 in Stealth
  5170 | D:4      | Reached XP level 6. HP: 32/32 MP: 7/7
  5392 | D:5      | Noticed a water moccasin
  5430 | D:5      | Killed a water moccasin
  5589 | D:5      | Found a staircase to the Ecumenical Temple.
  5646 | D:5      | Noticed Blork the orc
  5661 | D:5      | Killed Blork the orc
  5661 | D:5      | Reached ** piety under Okawaru
  5662 | D:5      | Reached skill level 5 in Short Blades
  5662 | D:5      | Reached XP level 7. HP: 12/36 MP: 3/8
  6317 | D:5      | HP: 1/36 [orc/+0 hand axe (4)]
  7214 | D:5      | Reached skill level 1 in Throwing
  7415 | D:5      | Found a sacrificial altar of Ru.
  7415 | D:5      | Noticed Dowan
  7417 | D:5      | Found a hazy altar of Hepliaklqana.
  7417 | D:5      | Found a broken altar of Ashenzari.
  7417 | D:5      | Found a white marble altar of Elyvilon.
  7417 | D:5      | Noticed Duvessa
  7419 | D:5      | Found a basalt altar of Yredelemnul.
  7419 | D:5      | Found a glowing golden altar of the Shining One.
  7420 | D:5      | Found an ancient bone altar of Kikubaaqudgha.
  7422 | D:5      | Killed Dowan
  7801 | D:5      | Killed Duvessa
  7802 | D:5      | Reached skill level 5 in Dodging
  7802 | D:5      | Reached skill level 11 in Stealth
  7894 | D:5      | Found a snail-covered altar of Cheibriados.
  8504 | D:6      | Found a burning altar of Makhleb.
  8504 | D:6      | Noticed a balrug
  8516 | D:6      | Noticed a smoke demon
  8516 | D:6      | Noticed a hellwing
  8658 | D:6      | Reached XP level 8. HP: 25/40 MP: 4/9
  9129 | D:6      | HP: 1/40 [yak (11)]
  9138 | D:6      | Reached *** piety under Okawaru
 10242 | D:6      | Mangled by a yak

Illustrated notes

Levels and vault maps discovered:
D:1:      spicycebolla_arrival_ecumenical, layout_basic, serial_shops,
          nicolae_shop_advertising_works [nicolae_subvault_shop_adworks]
D:2:      layout_loops_ring, serial_shops, nicolae_shop_stone,
          nicolae_shop_behind_doors, nicolae_lakefront_shop,
          uniq_crazy_yiuf_cottage
D:3:      minmay_door_path, layout_basic
D:4:      layout_loops_corners, kennysheep_okawaru_gauntlet,
          portal_sewer_entry_c
D:5:      layout_loops_ring, cheibriados_altar_1, grunt_temple_overflow_open,
          temple_doors_e, minmay_shop_grid_forest, uniq_duvessa,
          uniq_blork_the_orc
D:6:      layout_basic, makhleb_altar_promises_db

Skill      XL: |  1  2  3  4  5  6  7  8 |
---------------+-------------------------+-----
Stealth        | 8 9 10 11 | 11.7
Dodging        | 3 4 5 6 |  6.2
Short Blades   | 3 4 5 6 |  6.8
Fighting       | 3 |  3.9
Throwing       | 1 3 |  3.5

Action                   |  1- 3 |  4- 6 |  7- 9 || total
-------------------------+-------+-------+-------++-------
Melee: Short sword       |    65 |   192 |   129 ||   386
       Punch             |       |     3 |     4 ||     7
       Dagger            |       |       |   168 ||   168
       Mace              |       |       |    13 ||    13
Throw: Dart              |       |    10 |    78 ||    88
Invok: Heroism           |       |     1 |       ||     1
  Use: Scroll            |       |    12 |     5 ||    17
       Potion            |       |     3 |     2 ||     5
 Stab: Sleeping          |    13 |    14 |     2 ||    29
       Invisible         |       |     3 |     7 ||    10
Armor: Robe              |     8 |    11 |    17 ||    36
Dodge: Dodged            |    80 |   165 |   234 ||   479

Table legend: (Time is in decaauts)
 A = Elapsed time spent in this place.
 B = Non-inter-level travel time spent in this place.
 C = Inter-level travel time spent in this place.
 D = Time resting spent in this place.
 E = Time spent auto-exploring this place.
 F = Levels seen in this place.
 G = Mean time per level.
                   A        B        C        D        E       F      G
               +--------+--------+--------+--------+--------+-----+--------+
         Total |   7954 |   7824 |    130 |   2014 |   3666 |   6 | 1325.7 |
       Dungeon |   7954 |   7824 |    130 |   2014 |   3666 |   6 | 1325.7 |
               +--------+--------+--------+--------+--------+-----+--------+

Top non-repeatable levels by time:
     D:5: 2115 daAuts
     D:6: 1736 daAuts
     D:2: 1354 daAuts
     D:3: 1149 daAuts
     D:4: 835 daAuts
     D:1: 763 daAuts
